 Dungeon Crawl Stone Soup version 0.30-a0-374-g95c0257040 (webtiles) character file.

Game seed: 16719549292639667940

5866 NinjaNoafa the Grappler (level 10, -5/88 HPs)
             Began as a Troll Monk on Nov 26, 2022.
             Was a Priest of Wu Jian.
             Slain by a vampire
             ... wielding a +0 vampiric halberd
              (7 damage)
             ... in a bailey.
             The game lasted 00:12:55 (6004 turns).

NinjaNoafa the Grappler (Troll Monk)                Turns: 6004, Time: 00:12:55

Health: -5/88      AC:  6    Str: 21    XL:     10   Next: 52%
Magic:  9/9        EV:  9    Int:  6    God:    Wu Jian [***...]
Gold:   172        SH: 16    Dex: 16    Spells: 9/9 levels left

rFire   . . .      SeeInvis .      - Unarmed
rCold   . . .      Faith    .    y - +5 kite shield
rNeg    + . .      Spirit   .    w - +2 robe {rN+}
rPois   .          Reflect  .    (helmet restricted)
rElec   .          Harm     .    (no cloak)
rCorr   .          Rampage  .    (gloves unavailable)
Will    .....                    (boots unavailable)
Stlth   ++........               (no amulet)
HPRegen 1.14/turn                (no ring)
MPRegen 0.11/turn                s - ring of flight

@: flying, serpent's lash
A: large, unfitting armour, claws 3, regeneration 1, shaggy fur 1, tough skin 1
a: Renounce Religion, Wall Jump, Serpent's Lash


You were in a bailey.
You worshipped Wu Jian.
Wu Jian was most pleased with you.
You visited 2 branches of the dungeon, and saw 9 of its levels.
You also visited: Bailey.

You collected 382 gold pieces.
You spent 210 gold pieces at shops.

Inventory:

Missiles
 c - 89 stones (quivered)
 k - 2 throwing nets
 r - 21 poisoned darts
 v - 5 boomerangs
 I - a silver javelin
Armour
 w - a +2 robe of positive energy (worn)
 y - a +5 kite shield (worn)
Jewellery
 f - a ring of ice
 s - a ring of flight (right claw)
Wands
 z - a wand of flame (35)
Scrolls
 a - a scroll of amnesia {unknown}
 d - 2 scrolls of magic mapping
 g - a scroll of noise {unknown}
 l - 3 scrolls of poison {unknown}
 m - 2 scrolls of blinking {unknown}
 n - a scroll of torment {unknown}
 p - a scroll of immolation {unknown}
 q - a scroll of teleportation
 t - 4 scrolls of vulnerability {unknown}
 A - a scroll of enchant weapon {unknown}
 C - a scroll of brand weapon {unknown}
Potions
 b - 3 potions of ambrosia
 e - a potion of curing
 h - 2 potions of haste
 i - 2 potions of lignification
 j - a potion of attraction
 x - 2 potions of magic
 B - a potion of brilliance
 D - 2 potions of invisibility
 E - 2 potions of cancellation
 G - a potion of resistance


   Skills:
 - Level 2.4 Fighting
 - Level 2.4 Dodging
 - Level 1.0 Stealth
 + Level 10.3 Shields
 + Level 13.0 Unarmed Combat


You had 9 spell levels left.
You didn't know any spells.
Your spell library contained the following spells:

 Spells                   Type           Power      Damage    Failure   Level
 Animate Armour           Summ/Erth      0%         N/A       100%        4
 Blade Hands              Tmut           0%         N/A       100%        5
 Iron Shot                Conj/Erth      0%         9d1       100%        6


Dungeon Overview and Level Annotations

Branches:
Dungeon (8/15)             Temple (1/1) D:7          Bailey (1/1)
   Lair: D:8-11

Altars:
Ashenzari
Cheibriados
Dithmenos
Elyvilon
Fedhas
Gozag
Hepliaklqana
Kikubaaqudgha
Makhleb
Nemelex Xobeh
Okawaru
Qazlal
Ru
Sif Muna
Trog
Uskayaw
Vehumet
Wu Jian
Xom
Yredelemnul
Zin
The Shining One

Shops:
D:1 [   D:3 =   D:7 !!*!(

Portals:
Abyss: D:4

Annotations:
D:4 2 transporters, whiskeysaurus's ghost, amateur MiBe


Innate Abilities, Weirdness & Mutations

You are too large for most types of armour.
You have claws for hands.
Your natural rate of healing is unusually fast.
You are covered in fur. (AC +1)
You have tough skin. (AC +1)


Message History

Press: ? - help, Q - select action, (/) - cycle Dir - look around, f - activate
Okay, then.
You feel better.
You hear some strange, mumbled words.
Something tries to affect you, but you resist.
Throw: javelin
Press: ? - help, Q - select action, (/) - cycle Shift-Dir - straight line You throw a javelin.
Something hits you! x2
Unknown command.
Aiming: Throw Flame
Press: ? - help, Shift-Dir - straight line, f - you That beam is likely to hit you.
Continue anyway?
Okay, then.
Aiming: Throw Flame
Press: ? - help, Shift-Dir - straight line The puff of flame hits something!
Something hits you.
Unknown command.
Aiming: Throw Flame
Press: ? - help, Shift-Dir - straight line The puff of flame hits something but does no damage.
You hear some strange, mumbled words.
You are confused.
Unknown command.
Something hits you! Something bites you!
Something draws strength from your injuries!
You barely miss something. Something hits you! Something bites you!
* * * LOW HITPOINT WARNING * * *
Something draws strength from your injuries!
You feel better. Something hits you!
* * * LOW HITPOINT WARNING * * *
Something bites you but does no damage.
Your muscles tense, ready for explosive movement...
You closely miss something. You claw something! Something hits you!
* * * LOW HITPOINT WARNING * * *
Something bites you!
* * * LOW HITPOINT WARNING * * *
You scratch something. Something hits you!
You die...

≈≈#...)...#'##.......#..'..# #..
≈≈#...)........♣.....#..'..####.)
########....♣♣♣♣.....#..#...##.{.
..............♣......#..##.....!#
.....................#...##...8##
########......♣.....##....######
≈≈.####.........♣..##.))...8#
≈≈.#..'..♣♣.......##..)##...#
≈≈.#..#.........@{(#....##..#
≈≈.#..#.......♣....##....#..#
≈≈.#).#....♣........##...#..#
≈≈.#.)#......######......#).#
≈≈.#..#.....)#....#......#..#
≈≈.'..+...)..#))..#.....8#8.#
≈≈.#####...))#).###''########
≈≈.....####..)).'......'...[#
≈≈...8....#######......#.).!#


There were no monsters in sight!

Vanquished Creatures
  A gargoyle (Bailey)
  A steam dragon (D:8)
  A water moccasin (D:6)
  A sky beast (D:6)
  2 orc warriors (D:7)
  A black bear (D:4)
  Blork the orc (D:4)
  4 scorpions
  A necrophage (D:8)
  5 wights (D:8)
  7 vampire bats (Bailey)
  A howler monkey (D:8)
  2 wolf zombies (Bailey)
  5 hounds
  2 gnoll boudas
  4 iguanas
  9 jellies
  Natasha (D:3)
  3 orc wizards
  13 gnolls
  7 adders
  A white imp (D:6)
  3 worms
  3 dart slugs
  26 orcs
  10 endoplasms
  4 giant cockroaches
  7 hobgoblins
  4 jackals (D:1)
  4 quokkas
  3 training dummies (D:7)
  8 ball pythons
  7 bats
  2 frilled lizards (D:1)
  10 goblins
  6 kobolds
  20 orc zombies (Bailey)
  6 rats
196 creatures vanquished.

Vanquished Creatures (others)
  An orc (D:6)
  6 fungi (D:7)
  2 plants (D:3)
9 creatures vanquished.

Grand Total: 205 creatures vanquished

Notes
Turn   | Place    | Note
-------+----------+-------------------------------------------
     0 | D:1      | NinjaNoafa the Troll Monk began the quest for the Orb.
     0 | D:1      | Reached XP level 1. HP: 22/22 MP: 0/0
    62 | D:1      | Found Niopuxed's Antique Armour Boutique.
   128 | D:1      | Reached XP level 2. HP: 29/29 MP: 1/1
   261 | D:1      | Reached skill level 4 in Unarmed Combat
   320 | D:1      | Reached XP level 3. HP: 30/36 MP: 2/2
  1017 | D:2      | Identified the +11 sling of Xiujo {drain, rElec Str+6
                  | Dex+4}
  1055 | D:2      | Reached XP level 4. HP: 44/44 MP: 3/3
  1185 | D:3      | Reached skill level 5 in Unarmed Combat
  1504 | D:3      | Noticed Natasha
  1512 | D:3      | Killed Natasha
  1753 | D:3      | Found Rifioseth's Jewellery Shop.
  1981 | D:4      | Reached XP level 5. HP: 50/50 MP: 4/4
  2008 | D:4      | Found a one-way gate to the infinite horrors of the Abyss.
  2008 | D:4      | Noticed whiskeysaurus's ghost (amateur MiBe)
  2036 | D:4      | Reached skill level 6 in Unarmed Combat
  2060 | D:4      | Noticed a black bear
  2067 | D:4      | Killed a black bear
  2068 | D:4      | Reached XP level 6. HP: 56/59 MP: 5/5
  2185 | D:4      | Reached skill level 7 in Unarmed Combat
  2278 | D:4      | Found a glowing golden altar of the Shining One.
  2372 | D:4      | Noticed Blork the orc
  2382 | D:4      | Killed Blork the orc
  2383 | D:4      | Reached skill level 8 in Unarmed Combat
  2424 | D:4      | Found a transporter.
  2431 | D:4      | Found a transporter.
  2551 | D:4      | Reached XP level 7. HP: 61/66 MP: 6/6
  2772 | D:5      | Entered Level 5 of the Dungeon
  3102 | D:1      | Bought a runed kite shield for 210 gold pieces
  3264 | D:5      | Reached skill level 9 in Unarmed Combat
  3462 | D:6      | Reached XP level 8. HP: 74/74 MP: 7/7
  3509 | D:6      | Reached skill level 10 in Unarmed Combat
  3849 | D:7      | Found Nickyraa's Distillery.
  3851 | D:7      | Found a staircase to the Ecumenical Temple.
  3863 | Temple   | Entered the Ecumenical Temple
  4315 | Temple   | Became a worshipper of the Wu Jian Council
  4315 | Temple   | Reached * piety under Wu Jian
  4315 | Temple   | Reached ** piety under Wu Jian
  4348 | D:7      | Reached skill level 1 in Shields
  4426 | D:7      | Found Lyabud's Assorted Antiques.
  4540 | D:7      | Found Wofinnex's Distillery.
  4735 | D:7      | Found an iron altar of Okawaru.
  4858 | D:7      | Found Fimed's Firing Range.
  5079 | D:7      | Found Botyd's Distillery.
  5093 | D:7      | Noticed a slime creature
  5277 | D:8      | Reached skill level 11 in Unarmed Combat
  5333 | D:8      | Reached XP level 9. HP: 54/80 MP: 8/8
  5478 | D:8      | Reached skill level 5 in Shields
  5581 | D:8      | Found a flagged portal.
  5592 | D:8      | Reached *** piety under Wu Jian
  5596 | Bailey   | Entered a bailey
  5717 | Bailey   | Noticed a gargoyle
  5724 | Bailey   | Killed a gargoyle
  5788 | Bailey   | Reached skill level 10 in Shields
  5788 | Bailey   | Reached skill level 13 in Unarmed Combat
  5788 | Bailey   | Reached XP level 10. HP: 64/88 MP: 9/9
  5793 | Bailey   | HP: 4/88 [something (9)]
  6003 | Bailey   | HP: 1/88 [something (10)]
  6004 | Bailey   | Slain by a vampire

Illustrated notes

Levels and vault maps discovered:
D:1:      saegor_arrival_miasma, layout_basic, serial_shops, shop
D:2:      layout_rooms, minivault_19, serial_park_tiny_pond
D:3:      layout_loops_ring, serial_shops, nicolae_shop_behind_doors,
          nrook_campfire, serial_bayou_pond_b, hangedman_feature_mirror,
          minmay_pentangle, uniq_natasha
D:4:      layout_loops_cross, tso_altar, gammafunk_ghost_abyssal_escape,
          uniq_blork_the_orc
D:5:      layout_rooms, st_stairs_12
D:6:      layout_rooms
D:7:      lemuel_slime, layout_loops_corners, mainiacjoe_overflow_alcove_4,
          minmay_temple_entry_junction, serial_shops, shop,
          nicolae_shop_behind_doors, nicolae_shop_trees, nicolae_square_shop,
          nicolae_shop_firing_range
D:8:      minmay_blocky_corners, layout_layer_cave, enter_bailey_3
Temple:   mainiacjoe_temple_big_plus
Bailey:   bailey_polearm_vampire_castle_hellmonk, bailey

Skill      XL: |  1  2  3  4  5  6  7  8  9 |
---------------+----------------------------+-----
Unarmed Combat | 4 5 6 8 9 11 13 | 13.0
Shields        | 4 10 | 10.3
Fighting       | |  2.4
Dodging        | |  2.4
Stealth        | |  1.0

Action                   |  1- 3 |  4- 6 |  7- 9 | 10-12 || total
-------------------------+-------+-------+-------+-------++-------
Melee: Unarmed           |    94 |    66 |   253 |    27 ||   440
       Punch             |     3 |     4 |     1 |       ||     8
 Fire: Sling             |     9 |    31 |       |       ||    40
Throw: Boomerang         |       |       |     9 |       ||     9
       Javelin           |       |       |       |     1 ||     1
Invok: Lunge             |       |       |    24 |     4 ||    28
       Whirlwind         |       |       |    15 |       ||    15
       Serpent's Lash    |       |       |       |     1 ||     1
 Abil: Wall Jump         |       |       |     8 |       ||     8
Evoke: Wand              |       |       |    14 |     5 ||    19
  Use: Potion            |       |       |     5 |     5 ||    10
       Scroll            |       |       |    16 |     1 ||    17
 Stab: Sleeping          |     1 |     2 |     5 |     3 ||    11
Armor: Robe              |    47 |    27 |    55 |     4 ||   133
Dodge: Dodged            |    60 |    40 |    72 |     4 ||   176
Block: Kite shield       |       |       |   118 |    14 ||   132

Table legend: (Time is in decaauts)
 A = Elapsed time spent in this place.
 B = Non-inter-level travel time spent in this place.
 C = Inter-level travel time spent in this place.
 D = Time resting spent in this place.
 E = Time spent auto-exploring this place.
 F = Levels seen in this place.
 G = Mean time per level.
                   A        B        C        D        E       F      G
               +--------+--------+--------+--------+--------+-----+--------+
         Total |   6003 |   5567 |    436 |    116 |   4126 |  10 |  600.3 |
       Dungeon |   5119 |   4748 |    371 |     56 |   3560 |   8 |  639.9 |
        Temple |    473 |    408 |     65 |      0 |    392 |   1 |  473.0 |
        Bailey |    410 |    410 |      0 |     60 |    174 |   1 |  410.0 |
               +--------+--------+--------+--------+--------+-----+--------+

Top non-repeatable levels by time:
     D:7: 894 daAuts
     D:4: 875 daAuts
     D:3: 845 daAuts
     D:1: 745 daAuts
     D:5: 489 daAuts
  Temple: 473 daAuts
     D:2: 468 daAuts
     D:6: 424 daAuts
  Bailey: 410 daAuts
     D:8: 375 daAuts
